 Dungeon Crawl Stone Soup version 0.18.1-5-g4a78601 (webtiles) character file.

687 striepan the Cleaver (level 7, -1/63 HPs)
             Began as a Minotaur Fighter on May 9, 2016.
             Slain by Sigmund
             ... wielding a +0 scythe
              (2 damage)
             ... on level 4 of the Dungeon.
             The game lasted 00:13:50 (3453 turns).

striepan the Cleaver (Minotaur Fighter)             Turns: 3453, Time: 00:13:51

Health: -1/63      AC:  9    Str: 23    XL:     7   Next: 35%
Magic:  6/6        EV:  8    Int:  5    God:
Gold:   201        SH: 13    Dex:  9    Spells: 0 memorised, 6 levels left

rFire  . . .     SeeInvis .     a - +0 war axe
rCold  . . .     Gourm    .     k - +0 chain mail
rNeg   . . .     Faith    .     c - +0 shield
rPois  .         Spirit   .     (helmet restricted)
rElec  .         Dismiss  .     (no cloak)
rCorr  .         Reflect  +     (no gloves)
SustAt .         Harm     .     (no boots)
MR     .....                    g - +4 amulet of reflection
Stlth  ..........               (no ring)
                                r - +3 ring of evasion

@: not resistant to hostile enchantments, extremely unstealthy
A: retaliatory headbutt, horns 2
a: no special abilities


You were on level 4 of the Dungeon.
You were not hungry.

You visited 1 branch of the dungeon, and saw 4 of its levels.

You collected 201 gold pieces.

Inventory:

Hand Weapons
 a - a +0 war axe (weapon)
Armour
 b - a +0 scale mail
 c - a +0 shield (worn)
 k - a +0 chain mail (worn)
 l - a +0 plate armour
Jewellery
 g - a +4 amulet of reflection (around neck)
 r - a +3 ring of evasion (left hand)
Wands
 t - a wand of digging (17/24)
Scrolls
 e - 3 scrolls of teleportation {unknown}
 h - a scroll of recharging {unknown}
 i - 2 scrolls of blinking {unknown}
 n - a scroll of enchant weapon {unknown}
 o - 2 scrolls of remove curse {unknown}
 p - a scroll of fog {unknown}
 q - a scroll of identify {unknown}
Potions
 d - 2 potions of might
 j - 3 potions of curing
 m - 2 potions of lignification {unknown}
 s - a potion of flight {unknown}
 v - a potion of degeneration {unknown}
Comestibles
 f - 3 bread rations


   Skills:
 + Level 6.2 Fighting
 - Level 8.4 Axes
 - Level 4.0 Armour
 - Level 3.6 Shields


You had 6 spell levels left.
You didn't know any spells.

Dungeon Overview and Level Annotations

Branches:
Dungeon (4/15)
 Temple: D:4-7

Altars:

Annotations:
D:4 Sigmund


Innate Abilities, Weirdness & Mutations

You reflexively headbutt those who attack you in melee.
You have a pair of horns on your head.


Message History

Things that are here:
a dagger of electrocution; a robe; a scroll labeled RIFENA ZUNI
Things that are here:
a leather armour; a wand of slowing {zapped: 2}; an orc corpse You hear some strange, mumbled words.
A puff of flame appears from out of thin air!
The puff of flame hits you!
* * * LOW HITPOINT WARNING * * *
You miss something. Something hits you.
* * * LOW HITPOINT WARNING * * *
You miss something. Your headbutt misses something.
You hear some strange, mumbled words.
A puff of flame appears from out of thin air!
The puff of flame hits you!
* * * LOW HITPOINT WARNING * * *
You hit something. You headbutt something.
Something hits you but does no damage.
Your shield and chain mail prevent you from hitting something.
Something hits you.
You die...

#..># #.########.#
#...#####.#<..# #.#####
#.............# #.....#
#.............# #####.#
#............## #.#
############## #.# .
########### #.# ..
#.......$<#######.# ...
#.##...@{.......#.#
...o######.##....[)......#.#
...o'.o.....'.............>#
...o#########............###
... #...'............# ..
#...#............# #
#.(.#............#
#...#............#
#...#..........[.#


There were no monsters in sight!

Vanquished Creatures
  Eustachio (D:4)
  Menkaure (D:4)
  An ogre (D:4)
  2 orc wizards (D:4)
  Natasha (thrice) (D:3)
  2 worker ants (D:4)
  A hound skeleton (D:4)
  4 gnolls (D:4)
  4 adders
  An adder skeleton (D:4)
  2 worms (D:3)
  2 dart slugs (D:2)
  4 giant geckos
  4 orcs
  A giant cockroach (D:1)
  3 hobgoblins
  6 jackals
  3 quokkas
  6 bats
  5 giant newts
  7 goblins
  4 kobolds
  5 rats (D:2)
72 creatures vanquished.

Notes
Turn   | Place    | Note
--------------------------------------------------------------
     0 | D:1      | striepan the Minotaur Fighter began the quest for the Orb.
     0 | D:1      | Reached XP level 1. HP: 19/19 MP: 0/0
    13 | D:1      | You fall through a shaft!
    56 | D:2      | Reached skill level 3 in Axes
    86 | D:2      | Reached XP level 2. HP: 26/26 MP: 1/1
   223 | D:2      | Reached skill level 4 in Axes
   396 | D:2      | Reached XP level 3. HP: 27/33 MP: 2/2
  1239 | D:3      | Reached XP level 4. HP: 40/40 MP: 3/3
  1711 | D:3      | Reached skill level 5 in Axes
  1786 | D:3      | Noticed Natasha
  1790 | D:3      | Killed Natasha
  1879 | D:3      | Noticed Natasha
  1881 | D:3      | Killed Natasha
  2489 | D:3      | Noticed Natasha
  2500 | D:3      | Killed Natasha
  2500 | D:3      | Reached skill level 6 in Axes
  2500 | D:3      | Reached XP level 5. HP: 24/46 MP: 4/4
  2835 | D:4      | Noticed Menkaure
  2838 | D:4      | Noticed an ogre
  2843 | D:4      | Killed Menkaure
  2843 | D:4      | Reached skill level 7 in Axes
  2843 | D:4      | Reached XP level 6. HP: 42/52 MP: 5/5
  2849 | D:4      | Reached skill level 8 in Axes
  3103 | D:4      | Noticed Eustachio
  3120 | D:4      | Killed Eustachio
  3120 | D:4      | Reached skill level 5 in Fighting
  3120 | D:4      | Reached XP level 7. HP: 52/61 MP: 6/6
  3346 | D:4      | Noticed Sigmund
  3451 | D:4      | HP: 1/63 [something/puff of flame (3)]
  3453 | D:4      | Slain by Sigmund

Skill      XL: |  1  2  3  4  5  6  7 |
---------------+----------------------+-----
Axes           | 3 4 6 7 8 |  8.4
Fighting       | 4 5 6 |  6.2
Armour         | 4 |  4.0
Shields        | |  3.6

Action                   |  1- 3 |  4- 6 |  7- 9 || total
-------------------------+-------+-------+-------++-------
Melee: War axe           |    92 |    69 |    24 ||   185
       Headbutt          |    10 |    12 |     3 ||    25
  Eat: Chunk             |     1 |     6 |     1 ||     8
Armor: Scale mail        |     9 |       |       ||     9
       Chain mail        |    25 |    36 |    19 ||    80
Dodge: Dodged            |    20 |    23 |     9 ||    52
Block: Shield            |    60 |    64 |    26 ||   150
       Reflection        |       |       |     1 ||     1
